 Dungeon Crawl Stone Soup version 0.26-a0-307-g4e7fcc93f0 (webtiles) character file.

Game seed: 17094420939148367509

152 ANON1729 the Caller (level 5, -1/38 HPs)
             Began as a Draconian Summoner on July 15, 2020.
             Killed by nerve-wracking pain
             ... invoked by an orc priest
              (9 damage)
             ... on level 3 of the Dungeon.
             The game lasted 00:05:45 (3712 turns).

ANON1729 the Caller (Draconian Summoner)            Turns: 3712, Time: 00:05:46

Health: -1/38      AC:  5    Str: 11    XL:     5   Next: 11%
Magic:  9/9        EV: 13    Int: 16    God:
Gold:   156        SH:  0    Dex: 11    Spells: 9/10 levels left

rFire    . . .     SeeInvis .   j - +1 dagger (vamp)
rCold    . . .     Faith    .   (no shield)
rNeg     . . .     Spirit   .   (armour unavailable)
rPois    .         Reflect  .   (helmet restricted)
rElec    .         Harm     .   (no cloak)
rCorr    .                      (no gloves)
MR       +....                  (no boots)
Stlth    ++........             l - amulet of magic regeneration
HPRegen  0.12/turn              f - +4 ring of slaying (curse)
MPRegen  0.36/turn              i - ring of protection from magic

@: stab
A: unfitting armour, cold-blooded, AC +5
a: no special abilities


You were on level 3 of the Dungeon.
You visited 1 branch of the dungeon, and saw 3 of its levels.

You collected 156 gold pieces.

Inventory:

Hand Weapons
 j - a +1 vampiric dagger (weapon)
 m - a +0 short sword
 n - a +2 dagger of pain
Jewellery
 f - a cursed +4 ring of slaying (left hand)
 i - a ring of protection from magic (right hand)
 l - an amulet of magic regeneration (around neck)
Scrolls
 a - 5 scrolls of identify {unknown}
 b - 2 scrolls of enchant armour {unknown}
 d - 2 scrolls of teleportation {unknown}
 e - a scroll of fear {unknown}
 g - 2 scrolls of blinking {unknown}
 h - a scroll of amnesia {unknown}


   Skills:
 + Level 2.8 Dodging
 + Level 3.0 Stealth
 + Level 3.0 Spellcasting
 + Level 4.6 Summonings


You had 9 spell levels left.
You knew the following spells:

 Your Spells              Type           Power        Failure   Level
a - Summon Small Mammal   Summ           ###.         2%          1

Your spell library contained the following spells:

 Spells                   Type           Power        Failure   Level
 Call Imp                 Summ           ###.....     4%          2
 Call Canine Familiar     Summ           ###.....     9%          3
 Summon Guardian Golem    Hex/Summ       #.......     22%         3
 Summon Ice Beast         Ice/Summ       #.......     56%         4
 Summon Lightning Spire   Summ/Air       #.......     56%         4


Dungeon Overview and Level Annotations

Branches:
Dungeon (3/15)

Altars:


Innate Abilities, Weirdness & Mutations

Your plain brown scales are hard. (AC +5)
You cannot fit into any form of body armour.
You are cold-blooded and may be slowed by cold attacks.


Message History

* * * LOW HITPOINT WARNING * * *
Unknown command.
You hit the orc priest.
You kill the orc priest!
Your Stealth skill increases to level 3!
Your Spellcasting skill increases to level 3!
You have reached level 5!
The orc priest barely misses you.
Unknown command.
You puncture the orc priest!
The orc priest is heavily wounded.
The orc priest barely misses you.
You closely miss the orc priest.
The orc priest is heavily wounded.
The orc priest begins to cast a cantrip, but forgets the words!
You hit the orc priest.
You feel better.
The orc priest is severely wounded.
The orc priest mumbles some strange prayers to Beogh against you.
Pain shoots through your body!
You die...

........##........$..#
...#.................#####
##........................
##.......................
#........................
#...............#.....().
#.................o......
#..............)#........
#.............o@#.)o.....
##.............##........
##.....#..)..###........
############# #........
#########


You could see an orc priest.

Vanquished Creatures
  An orc wizard (D:3)
  An orc priest (D:3)
  A worker ant (D:3)
  2 adders (D:2)
  2 worms (D:3)
  4 orcs
  4 goblins
  5 hobgoblins (D:2)
  3 kobolds
  2 quokkas
  A bat (D:2)
  3 frilled lizards
  6 rats
35 creatures vanquished.

Vanquished Creatures (collateral kills)
  A dart slug (D:1)
  A leopard gecko (D:1)
  An orc (D:3)
  2 bats (D:1)
  6 goblins (D:1)
  6 kobolds
  A ball python (D:2)
  5 frilled lizards
23 creatures vanquished.

Grand Total: 58 creatures vanquished

Notes
Turn   | Place    | Note
-------+----------+-------------------------------------------
     0 | D:1      | ANON1729 the Draconian Summoner began the quest for the
                  | Orb.
     0 | D:1      | Reached XP level 1. HP: 14/14 MP: 3/3
   459 | D:1      | Reached XP level 2. HP: 20/20 MP: 3/5
  1726 | D:2      | Reached XP level 3. HP: 26/26 MP: 6/6
  2977 | D:3      | Reached XP level 4. HP: 18/33 MP: 7/7
  3709 | D:3      | Reached XP level 5. HP: 7/38 MP: 9/9
  3712 | D:3      | Killed from afar by an orc priest

Illustrated notes

Levels and vault maps discovered:
D:1:      roderic_crop_circles_arrival_small, layout_basic,
          minmay_three_crescents
D:2:      layout_loops_ring, chequers_serial_rivers_marsh
D:3:      layout_rooms, uniq_terence

Skill      XL: |  1  2  3  4 |
---------------+-------------+-----
Stealth        | 2 3 |  3.0
Dodging        | 2 |  2.8
Spellcasting   | 3 |  3.0
Summonings     | |  4.6

Action                   |  1- 3 |  4- 6 || total
-------------------------+-------+-------++-------
Melee: Unarmed           |    34 |       ||    34
       Tailslap          |     7 |     3 ||    10
       Short sword       |    43 |       ||    43
       Dagger            |    22 |    29 ||    51
 Cast: Summon Small Mamm |    30 |     6 ||    36
  Use: Potion            |     5 |     2 ||     7
 Stab: Sleeping          |     3 |       ||     3
       Distracted        |     1 |       ||     1
Armor: Skin              |    45 |     6 ||    51
Dodge: Dodged            |   105 |    13 ||   118

Table legend:
 A = Non-vault XP
 B = Vault XP
 C = Vault XP percentage of total XP
 D = Non-vault monster count
 E = Vault monster count
 F = Vault count percentage of total count
                 A         B        C        D         E       F
            +---------+---------+-------+---------+---------+-------
      Total |     212 |       6 |   2.8 |      52 |       6 |  10.3
            +---------+---------+-------+---------+---------+-------
        D:1 |      19 |       6 |  24.0 |      17 |       6 |  26.1
        D:2 |      53 |       0 |   0.0 |      20 |       0 |   0.0
        D:3 |     140 |       0 |   0.0 |      15 |       0 |   0.0
            +---------+---------+-------+---------+---------+-------
